Marlies vs Reign (R1)

Created - July 13, 2022 at 21:02

Goals
1 2 3 T
Marlies 1 2 1 4
Reign 2 2 4 8
Shots
1 2 3 T
Marlies 12 8 13 33
Reign 8 18 12 38

1st period

1. Reign , Vince Hinostroza 4 (Jack Roslovic 4, Timo Meier 3) at 12:04
2. Marlies , Neal Pionk 1 (Pavel Zacha 7, Nick Ritchie 6) at 13:37 (PP)
3. Reign , Thomas Chabot 1 (Brendan Gaunce 3) at 16:10 (PP)

Penalties :
Charlie Lindgren (Tor) for Slashing (Minor) at 3:00 - Haydn Fleury served the penalty, Mathieu Olivier (Tor) for Holding (Minor) at 5:15, Matthew Tkachuk (Ont) for Interference (Minor) at 13:27, Linden Vey (Tor) for High sticking (Minor) at 16:05, A.J. Jenks (Ont) for Hooking (Minor) at 16:37

2nd period

4. Marlies , Linden Vey 3 (Colton Sissons 1, Charlie Lindgren) at 0:46
5. Reign , Vince Hinostroza 5 (Jacob Josefson 1) at 3:19
6. Marlies , Linden Vey 4 (Tyler Bertuzzi 1, Neal Pionk 5) at 5:40
7. Reign , Thomas Chabot 2 (Jack Roslovic 5) at 13:15 (PP)

Penalties :
Vince Hinostroza (Ont) for Roughing (Minor) at 0:59, Nick Ritchie (Tor) for Hooking (Minor) at 12:06

3rd period

8. Reign , Joachim Blichfeld 1 (Thomas Chabot 2) at 4:40
9. Reign , Jacob Josefson 2 (Matthew Tkachuk 2) at 6:56
10. Marlies , Johan Larsson 2 (Nick Ritchie 7) at 9:12 (SH)
11. Reign , Jack Roslovic 2 (Vince Hinostroza 2, Jordan Schmaltz 3) at 12:02 (PP)
12. Reign , Tyler Pitlick 2 (Brendan Gaunce 4, Jordan Schmaltz 4) at 14:23 (PP)

Penalties :
Nicholas Baptiste (Tor) for Interference (Minor) at 7:19, Nick Ritchie (Tor) for High sticking (Minor) at 11:18, Johan Larsson (Tor) for Hooking (Minor) at 13:45, Colton Sissons (Tor) for Elbowing (Minor) at 14:07, Dylan Blujus (Ont) for Fighting (Major) at 18:08, Johan Larsson (Tor) for Fighting (Major) at 18:08, A.J. Jenks (Ont) for Slashing (Minor) at 18:31

Goalie Stats

Charlie Lindgren (Tor), 30 saves from 38 shots - (0.789), L, 0-1-0, 60:00 minutes
Jean-Francois Berube (Ont), 29 saves from 33 shots - (0.879), W, 1-0-0, 60:00 minutes

Players Stats for Marlies

Player Name              G  A  P  +/- PIM S  H  SB GA TA FO     MP     PP MP  PK MP  
------------------------------------------------------------------------------------
Aleksi Saarela           0  0  0   0  0   2  2  0  1  0  2/10   13:22   1:00   1:56 
Brett Pesce              0  0  0  -1  0   1  2  2  0  2  0/0    22:13   3:19   4:19 
Colton Sissons           0  1  1   1  2   1  4  0  3  0  5/16   19:55   2:19   5:34 
Haydn Fleury             0  0  0   1  0   2  2  2  0  2  0/0    28:04   2:17   5:47 
Jeff Corbett             0  0  0  -1  0   1  0  3  0  1  0/0    12:11   2:17   0:10 
Johan Larsson            1  0  1   0  7   1  0  0  0  0  9/16   16:00   0:08   0:41 
Linden Vey               2  0  2   1  2   5  0  0  2  0  2/2    13:07   2:19   0:00 
Logan Brown              0  0  0  -2  0   2  0  0  0  0  1/3     9:52   0:00   0:00 
Lucas Carlsson           0  0  0  -1  0   1  0  0  0  1  0/0     9:13   0:00   0:00 
Mathieu Olivier          0  0  0  -1  2   0  1  0  0  1  0/0     7:48   0:00   0:00 
Neal Pionk               1  1  2   1  0   4  1  0  1  0  0/0    26:35   3:19   3:21 
Nicholas Baptiste        0  0  0   0  2   2  3  0  0  0  3/7    21:32   3:09   3:09 
Nick Ritchie             0  2  2   0  4   3  2  0  2  1  0/0    23:04   3:09   4:52 
Pavel Zacha              0  1  1   0  0   2  2  1  1  0  4/16    8:56   2:17   1:29 
Tim Erixon               0  0  0  -1  0   0  2  1  0  0  0/0    21:47   0:00   6:55 
Tobias Lindberg          0  0  0  -2  0   0  2  0  1  0  0/1     9:54   0:08   0:00 
Tyler Benson             0  0  0  -2  0   2  0  1  0  0  0/0     9:46   0:00   0:00 
Tyler Bertuzzi           0  1  1   1  0   4  3  0  0  1  1/1    16:01   2:19   2:34 

Players Stats for Reign

Player Name              G  A  P  +/- PIM S  H  SB GA TA FO     MP     PP MP  PK MP  
------------------------------------------------------------------------------------
A.J. Jenks               0  0  0   0  4   1  2  1  0  0  1/1    13:59   0:04   0:19 
Brendan Gaunce           0  2  2  -1  0   1  2  0  3  1  21/33  23:25   7:04   3:09 
Brendan Guhle            0  0  0   0  0   0  0  0  0  1  0/0    10:58   0:00   0:00 
Christian Dvorak         0  0  0   2  0   1  0  3  1  1  0/0    14:50   3:08   3:02 
Dylan Blujus             0  0  0   1  5   0  2  1  0  2  0/0    18:12   3:10   1:22 
Jack Dougherty           0  0  0   0  0   0  2  0  0  0  0/0    11:43   0:00   0:22 
Jack Roslovic            1  2  3   1  0   3  1  1  1  0  14/22  18:17   3:08   2:12 
Jacob Josefson           1  1  2   2  0   3  0  0  0  0  3/5     9:14   0:00   0:15 
Jakob Chychrun           0  0  0   0  0   0  0  0  0  1  0/0     5:15   0:00   0:00 
Joachim Blichfeld        1  0  1  -1  0   3  1  0  1  0  0/1     9:24   0:04   0:17 
Joel Eriksson Ek         0  0  0  -1  0   0  0  0  0  1  0/2     8:42   0:00   0:00 
Jordan Schmaltz          0  2  2   0  0   2  1  1  0  1  0/0    24:49   7:06   3:52 
Josh Anderson            0  0  0  -1  0   0  1  0  0  1  0/0     9:04   0:04   0:00 
Logan Stanley            0  0  0   0  0   0  1  0  0  0  0/0     5:15   0:00   0:00 
Matthew Tkachuk          0  1  1   1  2   3  1  0  0  0  0/0     8:34   0:00   0:00 
Nikita Tryamkin          0  0  0   0  0   3  2  2  1  1  0/0    24:49   7:06   3:52 
Thomas Chabot            2  1  3   1  0   3  1  3  0  0  0/0    18:58   3:10   1:44 
Timo Meier               0  1  1   0  0   5  0  0  0  0  3/3    22:10   7:04   1:58 
Tyler Pitlick            1  0  1  -1  0   7  3  0  1  0  2/4    20:16   7:04   0:00 
Vince Hinostroza         2  1  3   2  2   3  0  0  1  1  1/1    16:25   3:08   0:00 

3 Stars

1 - Thomas Chabot (Ont)
2 - Vince Hinostroza (Ont)
3 - Jack Roslovic (Ont)

Power Play

Marlies - 1 on 4 Attempt(s) - 25.00%
Reign - 4 on 8 Attempt(s) - 50.00%

Penalty Kill

Marlies - 4 on 8 Attempt(s) - 50.00% - Score 1 goal in Penalty Kill
Reign - 3 on 4 Attempt(s) - 75.00% - Score 0 goal in Penalty Kill

Team Stat

Marlies - Hits : 26 - Faceoff Wins : 27 - Blocked Shots : 10 - Penalty Minutes : 21
Reign - Hits : 20 - Faceoff Wins : 45 - Blocked Shots : 12 - Penalty Minutes : 13

Official

Referees : Brad Meier and Kyle Rehman
Linesman : Scott Cherrey and Bevan Mills

Game Notes

Pavel Zacha is injured at 3:52 of 2nd period (Strained Back)
Dylan Blujus beats up Johan Larsson at 18:08 of 3rd period

Finance

Level 1 -- Attendance: 2000 (100.00%) -- Ticket Income $70,000
Level 2 -- Attendance: 982 (98.20%) -- Ticket Income $14,730
Total Attendance: 2982 (99.40%)
Total Ticket Income: $84,730
Other Income: $4,236
Total Income: $88,966

Marlies

5 vs 5 Forward 
   Center                   Left Wing                Right Wing               Time % Phy DF OF 
 1 Pavel Zacha              Nick Ritchie             Nicholas Baptiste        40     1   2  2  
 2 Colton Sissons           Tyler Bertuzzi           Linden Vey               30     1   2  2  
 3 Aleksi Saarela           Johan Larsson            Mathieu Olivier          20     1   2  2  
 4 Logan Brown              Tyler Benson             Tobias Lindberg          10     1   2  2  

5 vs 5 Defense 
   Defense                  Defense                                           Time % Phy DF OF 
 1 Haydn Fleury             Neal Pionk                                        40     1   2  2  
 2 Tim Erixon               Brett Pesce                                       30     1   2  2  
 3 Jeff Corbett             Lucas Carlsson                                    20     1   2  2  
 4 Haydn Fleury             Tim Erixon                                        10     1   2  2  

PowerPlay Forward 
   Center                   Left Wing                Right Wing               Time % Phy DF OF 
 1 Pavel Zacha              Nick Ritchie             Nicholas Baptiste        60     1   2  2  
 2 Colton Sissons           Tyler Bertuzzi           Linden Vey               40     1   2  2  

PowerPlay Defense
   Defense                  Defense                                           Time % Phy DF OF 
 1 Neal Pionk               Brett Pesce                                       60     1   2  2  
 2 Haydn Fleury             Jeff Corbett                                      40     1   2  2  

Penalty Kill 4 Players Forward 
   Center                   Wing                     Time % Phy DF OF 
 1 Colton Sissons           Nick Ritchie             60     1   2  2  
 2 Pavel Zacha              Tyler Bertuzzi           40     1   2  2  

Penalty Kill 4 Players Defense
   Defense                  Defense                  Time % Phy DF OF 
 1 Haydn Fleury             Tim Erixon               60     1   2  2  
 2 Neal Pionk               Brett Pesce              40     1   2  2  

Penalty Kill - 3 Players Forward 
   Forward                                           Time % Phy DF OF 
 1 Colton Sissons                                    60     1   2  2  
 2 Pavel Zacha                                       40     1   2  2  

Penalty Kill - 3 Players Defense
   Defense                  Defense                  Time % Phy DF OF 
 1 Haydn Fleury             Tim Erixon               60     1   2  2  
 2 Neal Pionk               Brett Pesce              40     1   2  2  

4 vs 4 Forward 
   Center                   Wing                     Time % Phy DF OF 
 1 Pavel Zacha              Nick Ritchie             60     1   2  2  
 2 Colton Sissons           Tyler Bertuzzi           40     1   2  2  

4 vs 4 Defense
   Defense                  Defense                  Time % Phy DF OF 
 1 Haydn Fleury             Neal Pionk               60     1   2  2  
 2 Tim Erixon               Brett Pesce              40     1   2  2  

Last Minutes Offensive
   Center                   Left Wing                Right Wing               Defense                  Defense                  
   Pavel Zacha              Nick Ritchie             Linden Vey               Haydn Fleury             Tim Erixon               

Last Minutes Defensive
   Center                   Left Wing                Right Wing               Defense                  Defense                  
   Colton Sissons           Nick Ritchie             Linden Vey               Haydn Fleury             Tim Erixon               

Goaltenders
Starting : Charlie Lindgren         
Backup : Malcolm Subban           

Extra Forwards
Normal : Nicholas Baptiste, Johan Larsson, Aleksi Saarela - PP : Nicholas Baptiste, Johan Larsson - PK : Nicholas Baptiste
Extra Defensemen
Normal : Brett Pesce, Jeff Corbett, Lucas Carlsson - PP : Brett Pesce - PK : Brett Pesce, Jeff Corbett
Penalty Shots
Linden Vey, Aleksi Saarela, Nicholas Baptiste, Nick Ritchie, Tyler Bertuzzi

Scratches
Brycen Martin (Healthy), Dennis Gilbert (Healthy), Henri Ikonen (Healthy), Jaden Lindo (Healthy), Jakob Forsbacka-Karlsson (Healthy)
Radovan Bondra (Healthy), Simon Bourque (Healthy), Zack MacEwen (Healthy), Otto Koivula (Healthy), Jamie Phillips (Healthy)

Reign

5 vs 5 Forward 
   Center                   Left Wing                Right Wing               Time % Phy DF OF 
 1 Brendan Gaunce           A.J. Jenks               Tyler Pitlick            30     1   2  2  
 2 Jack Roslovic            Timo Meier               Vince Hinostroza         30     1   2  2  
 3 Jacob Josefson           Christian Dvorak         Matthew Tkachuk          20     1   2  2  
 4 Joel Eriksson Ek         Joachim Blichfeld        Josh Anderson            20     1   2  2  

5 vs 5 Defense 
   Defense                  Defense                                           Time % Phy DF OF 
 1 Jordan Schmaltz          Nikita Tryamkin                                   30     1   3  1  
 2 Dylan Blujus             Thomas Chabot                                     30     1   2  2  
 3 Brendan Guhle            Jack Dougherty                                    25     1   2  2  
 4 Jakob Chychrun           Logan Stanley                                     15     1   2  2  

PowerPlay Forward 
   Center                   Left Wing                Right Wing               Time % Phy DF OF 
 1 Brendan Gaunce           Timo Meier               Tyler Pitlick            60     1   2  2  
 2 Jack Roslovic            Christian Dvorak         Vince Hinostroza         40     1   2  2  

PowerPlay Defense
   Defense                  Defense                                           Time % Phy DF OF 
 1 Jordan Schmaltz          Nikita Tryamkin                                   60     1   2  2  
 2 Dylan Blujus             Thomas Chabot                                     40     1   2  2  

Penalty Kill 4 Players Forward 
   Center                   Wing                     Time % Phy DF OF 
 1 Brendan Gaunce           Christian Dvorak         60     1   2  2  
 2 Jack Roslovic            Timo Meier               40     1   2  2  

Penalty Kill 4 Players Defense
   Defense                  Defense                  Time % Phy DF OF 
 1 Jordan Schmaltz          Nikita Tryamkin          60     1   2  2  
 2 Dylan Blujus             Thomas Chabot            40     1   2  2  

Penalty Kill - 3 Players Forward 
   Forward                                           Time % Phy DF OF 
 1 Brendan Gaunce                                    60     2   3  0  
 2 Jack Roslovic                                     40     2   3  0  

Penalty Kill - 3 Players Defense
   Defense                  Defense                  Time % Phy DF OF 
 1 Jordan Schmaltz          Nikita Tryamkin          60     3   2  0  
 2 Dylan Blujus             Thomas Chabot            40     3   2  0  

4 vs 4 Forward 
   Center                   Wing                     Time % Phy DF OF 
 1 Brendan Gaunce           Timo Meier               60     1   2  2  
 2 Jack Roslovic            Christian Dvorak         40     1   2  2  

4 vs 4 Defense
   Defense                  Defense                  Time % Phy DF OF 
 1 Jordan Schmaltz          Nikita Tryamkin          60     1   2  2  
 2 Dylan Blujus             Thomas Chabot            40     1   2  2  

Last Minutes Offensive
   Center                   Left Wing                Right Wing               Defense                  Defense                  
   Brendan Gaunce           Christian Dvorak         Tyler Pitlick            Jordan Schmaltz          Nikita Tryamkin          

Last Minutes Defensive
   Center                   Left Wing                Right Wing               Defense                  Defense                  
   Brendan Gaunce           Christian Dvorak         Tyler Pitlick            Jordan Schmaltz          Nikita Tryamkin          

Goaltenders
Starting : Jean-Francois Berube     
Backup : Jordan Binnington        

Extra Forwards
Normal : Brendan Gaunce, A.J. Jenks, Jack Roslovic - PP : Brendan Gaunce, A.J. Jenks - PK : Brendan Gaunce
Extra Defensemen
Normal : Jack Dougherty, Jakob Chychrun, Logan Stanley - PP : Jack Dougherty - PK : Jack Dougherty, Jakob Chychrun
Penalty Shots
Christian Dvorak, Tyler Pitlick, Timo Meier, Vince Hinostroza, Brendan Gaunce

Scratches
Adam Ollas-Mattsson (Healthy), Blake Lizotte (Healthy), Bokondji Imama (Healthy), Joel Vermin (Healthy), Nikita Gusev (Healthy)
Shane Prince (Healthy), Trevor Moore (Healthy), Blake Hillman (Healthy), Michael Pezzetta (Healthy), Austin Czarnik (Healthy)
Cal Petersen (Healthy), Ilya Samsonov (Healthy)

% Time on Ice - Marlies

Lines # - Real PCT - Wanted PCT - Time Play
Normal Forward
1 - 36% - 40% - 15:44
2 - 25% - 30% - 11:08
3 - 17% - 20% - 7:30
4 - 22% - 10% - 9:46
Normal Defense
1 - 38% - 40% - 16:46
2 - 33% - 30% - 14:37
3 - 21% - 20% - 9:13
4 - 8% - 10% - 3:32
PP Forward
1 - 59% - 60% - 3:17
2 - 41% - 40% - 2:19
PP Defense
1 - 59% - 60% - 3:19
2 - 41% - 40% - 2:17
PK Forward
1 - 74% - 60% - 7:26
2 - 26% - 40% - 2:34
PK Defense
1 - 67% - 60% - 6:39
2 - 34% - 40% - 3:21
PK3 Forward
1 - 100% - 60% - 0:16
2 - 0% - 40% - 0:00
PK3 Defense
1 - 100% - 60% - 0:16
2 - 0% - 40% - 0:00
44 Forward
1 - 0% - 60%
2 - 0% - 40%
44 Defense
1 - 0% - 60%
2 - 0% - 40%
Last Minute Offensive  - 0:00
Last Minute Defensive  - 0:00
Total
Forward - 60:00
Defense - 60:00

% Time on Ice - Reign

Lines # - Real PCT - Wanted PCT - Time Play
Normal Forward
1 - 31% - 30% - 13:36
2 - 30% - 30% - 13:15
3 - 19% - 20% - 8:35
4 - 20% - 20% - 8:42
Normal Defense
1 - 31% - 30% - 13:51
2 - 32% - 30% - 14:04
3 - 25% - 25% - 10:58
4 - 12% - 15% - 5:15
PP Forward
1 - 69% - 60% - 7:04
2 - 31% - 40% - 3:12
PP Defense
1 - 69% - 60% - 7:06
2 - 31% - 40% - 3:10
PK Forward
1 - 76% - 60% - 4:16
2 - 24% - 40% - 1:20
PK Defense
1 - 69% - 60% - 3:52
2 - 31% - 40% - 1:44
PK3 Forward
1 - 0% - 60%
2 - 0% - 40%
PK3 Defense
1 - 0% - 60%
2 - 0% - 40%
44 Forward
1 - 0% - 60%
2 - 0% - 40%
44 Defense
1 - 0% - 60%
2 - 0% - 40%
Last Minute Offensive  - 0:00
Last Minute Defensive  - 0:00
Total
Forward - 60:00
Defense - 60:00

Play-by-Play

1st period


0:01 of 1st period - Brendan Gaunce wins face-off versus Pavel Zacha in neutral zone.
0:14 of 1st period - Snap shot by Tyler Pitlick.
0:14 of 1st period - Shot Misses the Net.
0:26 of 1st period - Vince Hinostroza is hit by Colton Sissons and loses puck.
0:45 of 1st period - Slapshot by Aleksi Saarela.
0:45 of 1st period - Stopped by Jean-Francois Berube without a rebound.
0:46 of 1st period - Jacob Josefson wins face-off versus Aleksi Saarela in Reign zone.
1:41 of 1st period - Snap shot by Pavel Zacha.
1:41 of 1st period - Stopped by Jean-Francois Berube with a rebound.
1:43 of 1st period - Slapshot by Jeff Corbett.
1:43 of 1st period - Stopped by Jean-Francois Berube without a rebound.
1:44 of 1st period - Brendan Gaunce wins face-off versus Colton Sissons in Reign zone.
2:31 of 1st period - Icing by Tyler Benson.
2:32 of 1st period - Jack Roslovic wins face-off versus Tobias Lindberg in Marlies zone.
2:45 of 1st period - Snap shot by Vince Hinostroza.
2:45 of 1st period - Shot Blocked by Tyler Benson.
2:47 of 1st period - Slapshot by Jack Roslovic.
2:47 of 1st period - Stopped by Charlie Lindgren without a rebound.
2:48 of 1st period - Pavel Zacha wins face-off versus Brendan Gaunce in Marlies zone.
2:53 of 1st period - Haydn Fleury is hit by Jordan Schmaltz and loses puck.
3:00 of 1st period - Backhand shot by Tyler Pitlick.
3:00 of 1st period - Stopped by Charlie Lindgren without a rebound.
3:00 of 1st period - Minor Penalty to Charlie Lindgren for Slashing.
3:01 of 1st period - Timo Meier wins face-off versus Colton Sissons in Marlies zone.
3:08 of 1st period - Timo Meier is hit by Colton Sissons and loses puck.
3:12 of 1st period - Icing by Tyler Pitlick.
3:13 of 1st period - Brendan Gaunce wins face-off versus Colton Sissons in Reign zone.
3:50 of 1st period - Wrist shot by Timo Meier.
3:50 of 1st period - Shot Misses the Net.
3:56 of 1st period - Snap shot by Brendan Gaunce.
3:56 of 1st period - Shot Blocked by Tim Erixon.
3:58 of 1st period - Wrist shot by Timo Meier.
3:58 of 1st period - Stopped by Charlie Lindgren without a rebound.
3:59 of 1st period - Jack Roslovic wins face-off versus Pavel Zacha in Marlies zone.
5:00 of 1st period - Penalty to Haydn Fleury is over, Haydn Fleury is back on ice.
5:15 of 1st period - Minor Penalty to Mathieu Olivier for Holding.
5:16 of 1st period - Colton Sissons wins face-off versus Brendan Gaunce in Marlies zone.
6:45 of 1st period - Nikita Tryamkin is hit by Haydn Fleury and loses puck.
6:52 of 1st period - Haydn Fleury is hit by Dylan Blujus and loses puck.
7:15 of 1st period - Penalty to Mathieu Olivier is over, Mathieu Olivier is back on ice.
7:21 of 1st period - Jordan Schmaltz is hit by Pavel Zacha and loses puck.
7:28 of 1st period - Brett Pesce is hit by A.J. Jenks and loses puck.
9:43 of 1st period - Snap shot by Vince Hinostroza.
9:43 of 1st period - Shot Misses the Net.
9:45 of 1st period - Wrist shot by Vince Hinostroza.
9:45 of 1st period - Stopped by Charlie Lindgren without a rebound.
9:46 of 1st period - Jack Roslovic wins face-off versus Pavel Zacha in Marlies zone.
9:49 of 1st period - Slapshot by Jack Roslovic.
9:49 of 1st period - Shot Blocked by Brett Pesce.
9:51 of 1st period - Snap shot by Timo Meier.
9:51 of 1st period - Shot Blocked by Brett Pesce.
9:55 of 1st period - Wrist shot by Jack Roslovic.
9:55 of 1st period - Stopped by Charlie Lindgren without a rebound.
9:56 of 1st period - Linden Vey wins face-off versus Brendan Gaunce in Marlies zone.
10:03 of 1st period - Brett Pesce is hit by Nikita Tryamkin and loses puck.
10:29 of 1st period - Matthew Tkachuk is hit by Tim Erixon and loses puck.
10:54 of 1st period - Wrist shot by Tobias Lindberg.
10:54 of 1st period - Shot Misses the Net.
11:26 of 1st period - Pavel Zacha is hit by Tyler Pitlick.
12:02 of 1st period - Wrist shot by Jack Roslovic.
12:02 of 1st period - Shot Blocked by Jeff Corbett.
12:04 of 1st period - Wrist shot by Vince Hinostroza.
12:04 of 1st period - Goal by Vince Hinostroza - Marlies : 0 - Reign : 1.
12:05 of 1st period - Pavel Zacha wins face-off versus Brendan Gaunce in neutral zone.
12:16 of 1st period - Slapshot by Nick Ritchie.
12:16 of 1st period - Shot Misses the Net.
12:18 of 1st period - Snap shot by Neal Pionk.
12:18 of 1st period - Shot Blocked by A.J. Jenks.
12:30 of 1st period - Dylan Blujus is hit by Colton Sissons and loses puck.
12:50 of 1st period - Icing by Neal Pionk.
12:51 of 1st period - Aleksi Saarela wins face-off versus Jacob Josefson in Marlies zone.
12:51 of 1st period - Aleksi Saarela is hit by Jack Dougherty.
12:57 of 1st period - Slapshot by Aleksi Saarela.
12:57 of 1st period - Stopped by Jean-Francois Berube with a rebound.
13:05 of 1st period - Wrist shot by Matthew Tkachuk.
13:05 of 1st period - Stopped by Charlie Lindgren with a rebound.
13:25 of 1st period - Wrist shot by Aleksi Saarela.
13:25 of 1st period - Shot Misses the Net.
13:27 of 1st period - Minor Penalty to Matthew Tkachuk for Interference.
13:28 of 1st period - Pavel Zacha wins face-off versus Brendan Gaunce in Reign zone.
13:29 of 1st period - Snap shot by Nick Ritchie.
13:29 of 1st period - Shot Blocked by Christian Dvorak.
13:31 of 1st period - Wrist shot by Nick Ritchie.
13:31 of 1st period - Shot Misses the Net.
13:33 of 1st period - Slapshot by Pavel Zacha.
13:33 of 1st period - Shot Misses the Net.
13:35 of 1st period - Slapshot by Pavel Zacha.
13:35 of 1st period - Stopped by Jean-Francois Berube with a rebound.
13:37 of 1st period - Slapshot by Neal Pionk.
13:37 of 1st period - Deflect By Christian Dvorak.
13:37 of 1st period - Goal by Neal Pionk - Marlies : 1 - Reign : 1.
13:38 of 1st period - Brendan Gaunce wins face-off versus Pavel Zacha in neutral zone.
13:45 of 1st period - Slapshot by A.J. Jenks.
13:45 of 1st period - Shot Misses the Net.
13:47 of 1st period - Wrist shot by Tyler Pitlick.
13:47 of 1st period - Shot Misses the Net.
14:03 of 1st period - Jack Roslovic is hit by Tyler Bertuzzi and loses puck.
14:16 of 1st period - Slapshot by Linden Vey.
14:16 of 1st period - Stopped by Jean-Francois Berube with a rebound.
15:14 of 1st period - Tim Erixon is hit by Dylan Blujus and loses puck.
15:21 of 1st period - Wrist shot by Brendan Gaunce.
15:21 of 1st period - Shot Hit the Post.
15:23 of 1st period - Wrist shot by Tyler Pitlick.
15:23 of 1st period - Shot Misses the Net.
15:35 of 1st period - Tim Erixon is hit by Thomas Chabot and loses puck.
15:58 of 1st period - Wrist shot by Christian Dvorak.
15:58 of 1st period - Shot Misses the Net.
16:00 of 1st period - Slapshot by Brendan Guhle.
16:00 of 1st period - Shot Blocked by Haydn Fleury.
16:05 of 1st period - Minor Penalty to Linden Vey for High sticking.
16:06 of 1st period - Brendan Gaunce wins face-off versus Colton Sissons in Marlies zone.
16:10 of 1st period - Slapshot by Thomas Chabot.
16:10 of 1st period - Deflect By Nick Ritchie.
16:10 of 1st period - Goal by Thomas Chabot - Marlies : 1 - Reign : 2.
16:11 of 1st period - Pavel Zacha wins face-off versus Brendan Gaunce in neutral zone.
16:19 of 1st period - Wrist shot by Nicholas Baptiste.
16:19 of 1st period - Shot Misses the Net.
16:21 of 1st period - Wrist shot by Nicholas Baptiste.
16:21 of 1st period - Stopped by Jean-Francois Berube without a rebound.
16:22 of 1st period - Tyler Pitlick wins face-off versus Pavel Zacha in Reign zone.
16:27 of 1st period - Tyler Pitlick is hit by Nicholas Baptiste and loses puck.
16:37 of 1st period - Minor Penalty to A.J. Jenks for Hooking.
16:38 of 1st period - Brendan Gaunce wins face-off versus Pavel Zacha in Reign zone.
17:04 of 1st period - Jordan Schmaltz is hit by Tyler Bertuzzi and loses puck.
18:37 of 1st period - Penalty to A.J. Jenks is over, A.J. Jenks is back on ice.
18:49 of 1st period - Joachim Blichfeld is hit by Mathieu Olivier and loses puck.
19:02 of 1st period - Tyler Pitlick is hit by Tim Erixon and loses puck.
19:06 of 1st period - Icing by A.J. Jenks.
19:07 of 1st period - Brendan Gaunce wins face-off versus Logan Brown in Reign zone.
19:07 of 1st period - Brendan Gaunce is hit by Tobias Lindberg.
19:19 of 1st period - Logan Brown is hit by Logan Stanley and loses puck.
19:42 of 1st period - Snap shot by Tyler Benson.
19:42 of 1st period - Stopped by Jean-Francois Berube with a rebound.
19:44 of 1st period - Slapshot by Lucas Carlsson.
19:44 of 1st period - Deflect By Brendan Gaunce.
19:44 of 1st period - Stopped by Jean-Francois Berube with a rebound.
19:50 of 1st period - Wrist shot by Tyler Benson.
19:50 of 1st period - Shot Blocked by Thomas Chabot.
19:52 of 1st period - Slapshot by Jeff Corbett.
19:52 of 1st period - Shot Blocked by Thomas Chabot.
19:54 of 1st period - Slapshot by Lucas Carlsson.
19:54 of 1st period - Shot Misses the Net.
19:56 of 1st period - Wrist shot by Logan Brown.
19:56 of 1st period - Stopped by Jean-Francois Berube with a rebound.
19:58 of 1st period - Snap shot by Logan Brown.
19:58 of 1st period - Stopped by Jean-Francois Berube without a rebound.
19:59 of 1st period - Timo Meier wins face-off versus Pavel Zacha in Reign zone.
Goals for this period are 1 for Marlies vs 2 for Reign.
Shots for this period are 12 for Marlies vs 8 for Reign.

2nd period


0:01 of 2nd period - Jack Roslovic wins face-off versus Pavel Zacha in neutral zone.
0:26 of 2nd period - Tyler Bertuzzi is hit by A.J. Jenks.
0:46 of 2nd period - Snap shot by Linden Vey.
0:46 of 2nd period - Goal by Linden Vey - Marlies : 2 - Reign : 2.
0:47 of 2nd period - Nicholas Baptiste wins face-off versus Jack Roslovic in neutral zone.
0:54 of 2nd period - Wrist shot by Nicholas Baptiste.
0:54 of 2nd period - Shot Misses the Net.
0:59 of 2nd period - Minor Penalty to Vince Hinostroza for Roughing.
1:00 of 2nd period - Brendan Gaunce wins face-off versus Pavel Zacha in Reign zone.
1:04 of 2nd period - Wrist shot by Christian Dvorak.
1:04 of 2nd period - Stopped by Charlie Lindgren with a rebound.
1:16 of 2nd period - Nikita Tryamkin is hit by Nick Ritchie and loses puck.
2:50 of 2nd period - Jordan Schmaltz is hit by Pavel Zacha and loses puck.
2:59 of 2nd period - Penalty to Vince Hinostroza is over, Vince Hinostroza is back on ice.
3:05 of 2nd period - Christian Dvorak is hit by Aleksi Saarela and loses puck.
3:17 of 2nd period - Snap shot by Jacob Josefson.
3:17 of 2nd period - Stopped by Charlie Lindgren with a rebound.
3:19 of 2nd period - Wrist shot by Vince Hinostroza.
3:19 of 2nd period - Goal by Vince Hinostroza - Marlies : 2 - Reign : 3.
3:20 of 2nd period - Brendan Gaunce wins face-off versus Pavel Zacha in neutral zone.
3:27 of 2nd period - Icing by Haydn Fleury.
3:28 of 2nd period - Brendan Gaunce wins face-off versus Pavel Zacha in Marlies zone.
3:31 of 2nd period - Snap shot by Tyler Pitlick.
3:31 of 2nd period - Stopped by Charlie Lindgren with a rebound.
3:36 of 2nd period - Off-side.
3:37 of 2nd period - Timo Meier wins face-off versus Pavel Zacha in neutral zone.
3:52 of 2nd period - Slapshot by Thomas Chabot.
3:52 of 2nd period - Shot Blocked by Pavel Zacha.
3:52 of 2nd period - Pavel Zacha from Marlies is injured at 3:52 of 2nd period (Strained Back).
3:53 of 2nd period - Jack Roslovic wins face-off versus Johan Larsson in Marlies zone.
5:00 of 2nd period - Snap shot by Nicholas Baptiste.
5:00 of 2nd period - Stopped by Jean-Francois Berube with a rebound.
5:40 of 2nd period - Snap shot by Tyler Bertuzzi.
5:40 of 2nd period - Deflect By Linden Vey.
5:40 of 2nd period - Goal by Linden Vey - Marlies : 3 - Reign : 3.
5:41 of 2nd period - Johan Larsson wins face-off versus Jack Roslovic in neutral zone.
6:44 of 2nd period - Nick Ritchie is hit by Joachim Blichfeld and loses puck.
6:49 of 2nd period - Slapshot by Thomas Chabot.
6:49 of 2nd period - Stopped by Charlie Lindgren without a rebound.
6:50 of 2nd period - Jack Roslovic wins face-off versus Colton Sissons in Marlies zone.
7:17 of 2nd period - Wrist shot by Tyler Pitlick.
7:17 of 2nd period - Stopped by Charlie Lindgren with a rebound.
7:23 of 2nd period - Brendan Gaunce is hit by Neal Pionk.
7:56 of 2nd period - Mathieu Olivier is hit by Matthew Tkachuk and loses puck.
8:05 of 2nd period - Wrist shot by Jacob Josefson.
8:05 of 2nd period - Shot Misses the Net.
8:07 of 2nd period - Wrist shot by Christian Dvorak.
8:07 of 2nd period - Shot Blocked by Jeff Corbett.
8:53 of 2nd period - Nikita Tryamkin is hit by Nick Ritchie and loses puck.
9:10 of 2nd period - Wrist shot by Joachim Blichfeld.
9:10 of 2nd period - Stopped by Charlie Lindgren without a rebound.
9:11 of 2nd period - A.J. Jenks wins face-off versus Logan Brown in Marlies zone.
9:29 of 2nd period - Snap shot by Neal Pionk.
9:29 of 2nd period - Stopped by Jean-Francois Berube with a rebound.
9:31 of 2nd period - Wrist shot by Tyler Benson.
9:31 of 2nd period - Shot Misses the Net.
9:33 of 2nd period - Slapshot by Haydn Fleury.
9:33 of 2nd period - Stopped by Jean-Francois Berube without a rebound.
9:34 of 2nd period - Johan Larsson wins face-off versus Jack Roslovic in Reign zone.
9:48 of 2nd period - Off-side.
9:49 of 2nd period - Linden Vey wins face-off versus Brendan Gaunce in neutral zone.
9:52 of 2nd period - Slapshot by Neal Pionk.
9:52 of 2nd period - Shot Misses the Net.
10:00 of 2nd period - Wrist shot by Brendan Gaunce.
10:00 of 2nd period - Deflect By Tyler Pitlick.
10:00 of 2nd period - Deflect By Haydn Fleury.
10:00 of 2nd period - Stopped by Charlie Lindgren without a rebound.
10:01 of 2nd period - Johan Larsson wins face-off versus Jack Roslovic in Marlies zone.
10:01 of 2nd period - Johan Larsson is hit by Jack Roslovic.
11:40 of 2nd period - Icing by Thomas Chabot.
11:41 of 2nd period - Jack Roslovic wins face-off versus Nicholas Baptiste in Reign zone.
11:46 of 2nd period - Off-side.
11:47 of 2nd period - Jack Roslovic wins face-off versus Johan Larsson in neutral zone.
11:50 of 2nd period - Snap shot by Timo Meier.
11:50 of 2nd period - Stopped by Charlie Lindgren without a rebound.
11:51 of 2nd period - Johan Larsson wins face-off versus Jack Roslovic in Marlies zone.
11:56 of 2nd period - Slapshot by Neal Pionk.
11:56 of 2nd period - Stopped by Jean-Francois Berube without a rebound.
11:57 of 2nd period - Vince Hinostroza wins face-off versus Johan Larsson in Reign zone.
12:04 of 2nd period - Wrist shot by Nikita Tryamkin.
12:04 of 2nd period - Stopped by Charlie Lindgren with a rebound.
12:06 of 2nd period - Minor Penalty to Nick Ritchie for Hooking.
12:07 of 2nd period - Brendan Gaunce wins face-off versus Colton Sissons in Marlies zone.
12:10 of 2nd period - Slapshot by Timo Meier.
12:10 of 2nd period - Shot Misses the Net.
12:12 of 2nd period - Slapshot by Nikita Tryamkin.
12:12 of 2nd period - Stopped by Charlie Lindgren with a rebound.
12:14 of 2nd period - Snap shot by Timo Meier.
12:14 of 2nd period - Stopped by Charlie Lindgren with a rebound.
12:16 of 2nd period - Snap shot by Nikita Tryamkin.
12:16 of 2nd period - Deflect By Colton Sissons.
12:16 of 2nd period - Stopped by Charlie Lindgren without a rebound.
12:17 of 2nd period - Brendan Gaunce wins face-off versus Colton Sissons in Marlies zone.
12:20 of 2nd period - Snap shot by Brendan Gaunce.
12:20 of 2nd period - Shot Misses the Net.
12:30 of 2nd period - Nicholas Baptiste is hit by Brendan Gaunce and loses puck.
13:11 of 2nd period - Wrist shot by Timo Meier.
13:11 of 2nd period - Shot Misses the Net.
13:13 of 2nd period - Snap shot by Timo Meier.
13:13 of 2nd period - Stopped by Charlie Lindgren without a rebound.
13:14 of 2nd period - Jack Roslovic wins face-off versus Aleksi Saarela in Marlies zone.
13:15 of 2nd period - Slapshot by Thomas Chabot.
13:15 of 2nd period - Goal by Thomas Chabot - Marlies : 3 - Reign : 4.
13:16 of 2nd period - Jacob Josefson wins face-off versus Aleksi Saarela in neutral zone.
13:28 of 2nd period - Snap shot by Matthew Tkachuk.
13:28 of 2nd period - Stopped by Charlie Lindgren with a rebound.
13:47 of 2nd period - Snap shot by Linden Vey.
13:47 of 2nd period - Deflect By Tyler Bertuzzi.
13:47 of 2nd period - Shot Blocked by Jordan Schmaltz.
13:47 of 2nd period - Puck is out of play.
13:48 of 2nd period - Johan Larsson wins face-off versus Jack Roslovic in Reign zone.
14:13 of 2nd period - Jordan Schmaltz is hit by Tyler Bertuzzi and loses puck.
14:40 of 2nd period - Wrist shot by Joachim Blichfeld.
14:40 of 2nd period - Shot Misses the Net.
14:42 of 2nd period - Wrist shot by Joachim Blichfeld.
14:42 of 2nd period - Shot Blocked by Haydn Fleury.
15:59 of 2nd period - Joachim Blichfeld is hit by Brett Pesce and loses puck.
16:10 of 2nd period - Wrist shot by Tyler Benson.
16:10 of 2nd period - Shot Blocked by Dylan Blujus.
16:28 of 2nd period - Snap shot by Vince Hinostroza.
16:28 of 2nd period - Deflect By Jack Roslovic.
16:28 of 2nd period - Shot Misses the Net.
16:28 of 2nd period - Puck is out of play.
16:29 of 2nd period - Brendan Gaunce wins face-off versus Johan Larsson in Marlies zone.
16:46 of 2nd period - Brendan Gaunce is hit by Nicholas Baptiste and loses puck.
17:11 of 2nd period - Snap shot by Colton Sissons.
17:11 of 2nd period - Shot Blocked by Nikita Tryamkin.
17:40 of 2nd period - Nikita Tryamkin is hit by Aleksi Saarela.
18:24 of 2nd period - Brendan Guhle is hit by Tobias Lindberg and loses puck.
19:07 of 2nd period - Johan Larsson is hit by Josh Anderson and loses puck.
19:12 of 2nd period - Wrist shot by Joachim Blichfeld.
19:12 of 2nd period - Stopped by Charlie Lindgren with a rebound.
19:14 of 2nd period - Wrist shot by Josh Anderson.
19:14 of 2nd period - Shot Blocked by Jeff Corbett.
19:24 of 2nd period - Slapshot by Colton Sissons.
19:24 of 2nd period - Stopped by Jean-Francois Berube without a rebound.
19:25 of 2nd period - Colton Sissons wins face-off versus Tyler Pitlick in Reign zone.
19:26 of 2nd period - Wrist shot by Linden Vey.
19:26 of 2nd period - Stopped by Jean-Francois Berube with a rebound.
19:30 of 2nd period - Wrist shot by Tyler Bertuzzi.
19:30 of 2nd period - Shot Blocked by Thomas Chabot.
19:32 of 2nd period - Slapshot by Linden Vey.
19:32 of 2nd period - Shot Misses the Net.
19:46 of 2nd period - Slapshot by Brendan Gaunce.
19:46 of 2nd period - Deflect By Tyler Pitlick.
19:46 of 2nd period - Stopped by Charlie Lindgren with a rebound.
Goals for this period are 2 for Marlies vs 2 for Reign.
Shots for this period are 8 for Marlies vs 18 for Reign.

3rd period


0:01 of 3rd period - Johan Larsson wins face-off versus Jack Roslovic in neutral zone.
0:08 of 3rd period - Snap shot by Nick Ritchie.
0:08 of 3rd period - Shot Misses the Net.
0:38 of 3rd period - Snap shot by Colton Sissons.
0:38 of 3rd period - Shot Blocked by Christian Dvorak.
0:40 of 3rd period - Slapshot by Colton Sissons.
0:40 of 3rd period - Deflect By Tyler Bertuzzi.
0:40 of 3rd period - Stopped by Jean-Francois Berube with a rebound.
0:52 of 3rd period - Tim Erixon is hit by Tyler Pitlick and loses puck.
1:15 of 3rd period - Snap shot by Aleksi Saarela.
1:15 of 3rd period - Shot Blocked by Nikita Tryamkin.
2:02 of 3rd period - Slapshot by Jacob Josefson.
2:02 of 3rd period - Stopped by Charlie Lindgren with a rebound.
2:45 of 3rd period - Jakob Chychrun is hit by Colton Sissons and loses puck.
3:31 of 3rd period - Snap shot by Linden Vey.
3:31 of 3rd period - Stopped by Jean-Francois Berube without a rebound.
3:32 of 3rd period - Tyler Bertuzzi wins face-off versus Tyler Pitlick in Reign zone.
3:41 of 3rd period - Slapshot by Tyler Bertuzzi.
3:41 of 3rd period - Stopped by Jean-Francois Berube without a rebound.
3:42 of 3rd period - Jack Roslovic wins face-off versus Nicholas Baptiste in Reign zone.
3:42 of 3rd period - Thomas Chabot is hit by Haydn Fleury and loses puck.
3:51 of 3rd period - Slapshot by Neal Pionk.
3:51 of 3rd period - Shot Blocked by Jack Roslovic.
3:53 of 3rd period - Slapshot by Johan Larsson.
3:53 of 3rd period - Shot Misses the Net.
3:55 of 3rd period - Slapshot by Haydn Fleury.
3:55 of 3rd period - Stopped by Jean-Francois Berube with a rebound.
4:40 of 3rd period - Snap shot by Joachim Blichfeld.
4:40 of 3rd period - Goal by Joachim Blichfeld - Marlies : 3 - Reign : 5.
4:41 of 3rd period - Johan Larsson wins face-off versus Jack Roslovic in neutral zone.
4:44 of 3rd period - Backhand shot by Nick Ritchie.
4:44 of 3rd period - Stopped by Jean-Francois Berube with a rebound.
4:56 of 3rd period - Snap shot by Nick Ritchie.
4:56 of 3rd period - Stopped by Jean-Francois Berube without a rebound.
4:57 of 3rd period - Jacob Josefson wins face-off versus Colton Sissons in Reign zone.
5:04 of 3rd period - Tyler Bertuzzi is hit by Nikita Tryamkin and loses puck.
5:50 of 3rd period - Wrist shot by Logan Brown.
5:50 of 3rd period - Deflect By Tobias Lindberg.
5:50 of 3rd period - Shot Misses the Net.
5:50 of 3rd period - Puck is out of play.
5:51 of 3rd period - Colton Sissons wins face-off versus Joel Eriksson Ek in Reign zone.
5:58 of 3rd period - Backhand shot by Jordan Schmaltz.
5:58 of 3rd period - Stopped by Charlie Lindgren without a rebound.
5:59 of 3rd period - Colton Sissons wins face-off versus Joel Eriksson Ek in Marlies zone.
6:03 of 3rd period - Off-side.
6:04 of 3rd period - Jack Roslovic wins face-off versus Johan Larsson in neutral zone.
6:29 of 3rd period - Colton Sissons is hit by Brendan Gaunce and loses puck.
6:56 of 3rd period - Snap shot by Jacob Josefson.
6:56 of 3rd period - Goal by Jacob Josefson - Marlies : 3 - Reign : 6.
6:57 of 3rd period - Nicholas Baptiste wins face-off versus Joachim Blichfeld in neutral zone.
7:19 of 3rd period - Minor Penalty to Nicholas Baptiste for Interference.
7:20 of 3rd period - Colton Sissons wins face-off versus Brendan Gaunce in Marlies zone.
7:59 of 3rd period - Slapshot by Brett Pesce.
7:59 of 3rd period - Stopped by Jean-Francois Berube without a rebound.
8:00 of 3rd period - Jack Roslovic wins face-off versus Aleksi Saarela in Reign zone.
9:12 of 3rd period - Wrist shot by Johan Larsson.
9:12 of 3rd period - Goal by Johan Larsson - Marlies : 4 - Reign : 6.
9:13 of 3rd period - Brendan Gaunce wins face-off versus Colton Sissons in neutral zone.
9:19 of 3rd period - Penalty to Nicholas Baptiste is over, Nicholas Baptiste is back on ice.
9:40 of 3rd period - Snap shot by Matthew Tkachuk.
9:40 of 3rd period - Stopped by Charlie Lindgren with a rebound.
9:48 of 3rd period - Brett Pesce is hit by Jack Dougherty and loses puck.
10:47 of 3rd period - Snap shot by Brendan Gaunce.
10:47 of 3rd period - Shot Misses the Net.
10:49 of 3rd period - Snap shot by A.J. Jenks.
10:49 of 3rd period - Stopped by Charlie Lindgren without a rebound.
10:50 of 3rd period - Brendan Gaunce wins face-off versus Aleksi Saarela in Marlies zone.
11:18 of 3rd period - Minor Penalty to Nick Ritchie for High sticking.
11:19 of 3rd period - Tyler Pitlick wins face-off versus Colton Sissons in Marlies zone.
11:56 of 3rd period - Slapshot by Jordan Schmaltz.
11:56 of 3rd period - Shot Misses the Net.
11:58 of 3rd period - Wrist shot by Vince Hinostroza.
11:58 of 3rd period - Shot Misses the Net.
12:00 of 3rd period - Snap shot by Vince Hinostroza.
12:00 of 3rd period - Shot Misses the Net.
12:02 of 3rd period - Slapshot by Jack Roslovic.
12:02 of 3rd period - Goal by Jack Roslovic - Marlies : 4 - Reign : 7.
12:03 of 3rd period - Jack Roslovic wins face-off versus Johan Larsson in neutral zone.
12:37 of 3rd period - Slapshot by Tyler Benson.
12:37 of 3rd period - Stopped by Jean-Francois Berube without a rebound.
12:38 of 3rd period - Johan Larsson wins face-off versus Brendan Gaunce in Reign zone.
13:07 of 3rd period - Wrist shot by Tyler Bertuzzi.
13:07 of 3rd period - Stopped by Jean-Francois Berube with a rebound.
13:15 of 3rd period - Snap shot by Tyler Bertuzzi.
13:15 of 3rd period - Shot Blocked by Christian Dvorak.
13:45 of 3rd period - Minor Penalty to Johan Larsson for Hooking.
13:46 of 3rd period - Brendan Gaunce wins face-off versus Colton Sissons in Marlies zone.
14:07 of 3rd period - Minor Penalty to Colton Sissons for Elbowing.
14:08 of 3rd period - Brendan Gaunce wins face-off versus Nicholas Baptiste in Marlies zone.
14:21 of 3rd period - Slapshot by Tyler Pitlick.
14:21 of 3rd period - Shot Misses the Net.
14:23 of 3rd period - Snap shot by Tyler Pitlick.
14:23 of 3rd period - Goal by Tyler Pitlick - Marlies : 4 - Reign : 8.
14:24 of 3rd period - Brendan Gaunce wins face-off versus Nicholas Baptiste in neutral zone.
14:29 of 3rd period - Slapshot by Brendan Gaunce.
14:29 of 3rd period - Stopped by Charlie Lindgren with a rebound.
14:31 of 3rd period - Snap shot by Tyler Pitlick.
14:31 of 3rd period - Stopped by Charlie Lindgren without a rebound.
14:32 of 3rd period - Nicholas Baptiste wins face-off versus Brendan Gaunce in Marlies zone.
14:32 of 3rd period - Nicholas Baptiste is hit by Tyler Pitlick.
14:46 of 3rd period - Brendan Gaunce is hit by Nicholas Baptiste and loses puck.
15:27 of 3rd period - Slapshot by Nikita Tryamkin.
15:27 of 3rd period - Shot Misses the Net.
15:29 of 3rd period - Backhand shot by Jordan Schmaltz.
15:29 of 3rd period - Deflect By Aleksi Saarela.
15:29 of 3rd period - Stopped by Charlie Lindgren with a rebound.
15:43 of 3rd period - Wrist shot by Timo Meier.
15:43 of 3rd period - Stopped by Charlie Lindgren without a rebound.
15:44 of 3rd period - Jack Roslovic wins face-off versus Aleksi Saarela in Marlies zone.
16:07 of 3rd period - Penalty to Colton Sissons is over, Colton Sissons is back on ice.
16:53 of 3rd period - Snap shot by Logan Brown.
16:53 of 3rd period - Shot Misses the Net.
16:55 of 3rd period - Wrist shot by Neal Pionk.
16:55 of 3rd period - Stopped by Jean-Francois Berube with a rebound.
17:25 of 3rd period - Wrist shot by Tyler Bertuzzi.
17:25 of 3rd period - Shot Misses the Net.
17:29 of 3rd period - Snap shot by Tyler Bertuzzi.
17:29 of 3rd period - Stopped by Jean-Francois Berube without a rebound.
17:30 of 3rd period - Logan Brown wins face-off versus Brendan Gaunce in Reign zone.
17:31 of 3rd period - Wrist shot by Tyler Benson.
17:31 of 3rd period - Shot Misses the Net.
17:59 of 3rd period - Icing by Jacob Josefson.
18:00 of 3rd period - Johan Larsson wins face-off versus Jacob Josefson in Reign zone.
18:05 of 3rd period - Backhand shot by Nick Ritchie.
18:05 of 3rd period - Stopped by Jean-Francois Berube without a rebound.
18:06 of 3rd period - Brendan Gaunce wins face-off versus Johan Larsson in Reign zone.
18:08 of 3rd period - Dylan Blujus beats up Johan Larsson.
18:08 of 3rd period - Penalty to Dylan Blujus for Fighting.
18:08 of 3rd period - Penalty to Johan Larsson for Fighting.
18:09 of 3rd period - Aleksi Saarela wins face-off versus Brendan Gaunce in neutral zone.
18:31 of 3rd period - Minor Penalty to A.J. Jenks for Slashing.
18:32 of 3rd period - Brendan Gaunce wins face-off versus Aleksi Saarela in Reign zone.
18:42 of 3rd period - Off-side.
18:43 of 3rd period - Brendan Gaunce wins face-off versus Aleksi Saarela in neutral zone.
18:45 of 3rd period - Jordan Schmaltz is hit by Brett Pesce and loses puck.
Goals for this period are 1 for Marlies vs 4 for Reign.
Shots for this period are 13 for Marlies vs 12 for Reign. Output by the SimonT Hockey Simulator (STHS) for Francois Prevost - Original Page W3C HTML5 Valid
Hockey Simulator - Hockey Simulation - Hockey Manager